 Dungeon Crawl Stone Soup version 0.24.1-1-gd1d2a07e1b (webtiles) character file.

Game seed: 11817309933484843156, levelgen mode: deterministic

203 Heliosone the Ducker (level 5, -7/23 HPs)
             Began as a Felid Transmuter on Apr 10, 2020.
             Killed by divine providence
             ... invoked by an orc priest
              (14 damage)
             ... on level 3 of the Dungeon.
             The game lasted 00:07:38 (2725 turns).

Heliosone the Ducker (Felid Transmuter)             Turns: 2725, Time: 00:07:38

Health: -7/23      AC:  2    Str:  6    XL:     5   Next: 51%
Magic:  4/9        EV: 23    Int: 16    God:
Gold:   90         SH:  0    Dex: 21    Spells: 2/8 levels left
                                        Lives:  0   Deaths: 1

rFire    . . .     SeeInvis +     - Unarmed
rCold    . . .     Gourm    .   (shield unavailable)
rNeg     . . .     Faith    .   (armour unavailable)
rPois    x         Spirit   .   (helmet unavailable)
rElec    .         Reflect  .   (cloak unavailable)
rCorr    .         Harm     .   (gloves unavailable)
MR       .....                  (boots unavailable)
Stlth    +++.......             (no amulet)
HPRegen  0.07/turn              (no ring)
MPRegen  0.11/turn              (no ring)

@: spider-form (expiring)
A: tiny, no armour, no weapons or thrown items, stealth, see invisible,
carnivore, slow metabolism 1
a: End Transformation


You were on level 3 of the Dungeon.
You were full.
You were a venomous arachnid creature.
You visited 1 branch of the dungeon, and saw 3 of its levels.

You collected 90 gold pieces.

Inventory:

Missiles
 a - 33 arrows
Scrolls
 e - 2 scrolls of identify {unknown}
 g - 2 scrolls of remove curse {unknown}
 h - 2 scrolls of fear {unknown}
Potions
 d - a potion of curing {unknown}
 f - a potion of lignification {unknown}
 i - a potion of haste {unknown}
Comestibles
 c - 6 rations


   Skills:
 + Level 2.5 Fighting
 + Level 4.2 Dodging
 - Level 4.0 Stealth
 + Level 3.8 Unarmed Combat
 - Level 2.0 Spellcasting
 - Level 3.3 Transmutations
 - Level 1.5 Poison Magic


You had 2 spell levels left.
You knew the following spells:

 Your Spells              Type           Power        Failure   Level  Hunger
a - Beastly Appendage     Tmut           ##....       16%         1    #......
b - Sticks to Snakes      Tmut           ##......     21%         2    ###....
c - Spider Form           Tmut/Pois      #.........   43%         3    ###....

Your spell library contained the following spells:

 Spells                   Type           Power        Failure   Level  Hunger
 Ice Form                 Ice/Tmut       #.......     87%         4    #####..
 Blade Hands              Tmut           ##........   93%         5    ######.


Dungeon Overview and Level Annotations

Branches:
Dungeon (3/15)

Altars:


Innate Abilities, Weirdness & Mutations

You cannot wear armour.
You are incapable of wielding weapons or throwing items.
Your paws allow you to move quietly. (Stealth)
((You have sharp claws.))
((You have razor-sharp teeth.))
You have supernaturally acute eyesight. (SInv)
You are carnivorous and can eat meat at any time.
((You cover ground quickly.))
((You are covered in fur. (AC +1)))
You have a slow metabolism.
((Your sharp claws are effective at attacking unaware monsters.))


Message History

You hit the orc wizard.
The orc wizard is moderately wounded.
You hit the orc wizard but do no damage.
The orc wizard looks even sicker.
The orc wizard is moderately wounded.
The orc throws a stone.
The stone completely misses you.
The orc wizard hits you with a +4 dagger!
* * * LOW HITPOINT WARNING * * *
You hit the orc priest but do no damage.
The orc priest is poisoned.
The orc wizard misses you. The orc priest closely misses you.
You hit the orc priest.
The orc priest is moderately wounded.
The orc wizard completely misses you.
You hit the orc priest.
The orc priest is heavily wounded.
The orc priest mumbles some strange prayers to Beogh against you.
Beogh smites you!
Ouch! That really hurt!
You die...

... .. # .. ###. #.
. ... .# .. #.##.#
...##.!(.# ......os#
#####..
..##..#o#####....o..
#...o..).<.......
#..#.####.#####..
#..#.# #.# #. [..
.K. #.#### .... #
S#.### ....


You could see an orc priest, an orc wizard and an orc.

Vanquished Creatures
  A bullfrog (D:2)
  An orc wizard (D:3)
  Crazy Yiuf (D:2)
  Natasha (thrice) (D:2)
  2 adders
  2 worms (D:2)
  A leopard gecko (D:1)
  4 orcs (D:3)
  4 bats
  7 giant cockroaches
  9 goblins
  2 hobgoblins (D:2)
  7 jackals
  7 kobolds
  A quokka (D:2)
  A ball python (D:1)
  4 frilled lizards
  3 rats
60 creatures vanquished.

Notes
Turn   | Place    | Note
-------+----------+-------------------------------------------
     0 | D:1      | Heliosone the Felid Transmuter began the quest for the Orb.
     0 | D:1      | Reached XP level 1. HP: 9/9 MP: 4/4
    26 | D:1      | Reached skill level 1 in Stealth
   139 | D:1      | Reached XP level 2. HP: 10/12 MP: 6/6
   898 | D:1      | Learned a level 2 spell: Sticks to Snakes
  1040 | D:1      | Reached XP level 3. HP: 15/15 MP: 7/7
  1206 | D:1      | Learned a level 3 spell: Spider Form
  1208 | D:2      | Noticed a bullfrog
  1211 | D:2      | Killed a bullfrog
  1211 | D:2      | Reached skill level 1 in Poison Magic
  1211 | D:2      | Reached XP level 4. HP: 19/19 MP: 8/8
  1478 | D:2      | Noticed Natasha
  1500 | D:2      | Killed Natasha
  1879 | D:2      | Reached XP level 5. HP: 22/22 MP: 6/9
  2250 | D:2      | Found a runed translucent door.
  2251 | D:2      | Noticed Crazy Yiuf
  2401 | D:2      | Noticed Natasha
  2432 | D:2      | HP: 1/22 [Natasha/magic dart (1)]
  2435 | D:2      | Killed from afar by Natasha
  2436 | D:2      | Reached XP level 4. HP: -4/19 MP: 7/8
  2436 | D:2      | Killed Natasha
  2456 | D:2      | Noticed Natasha
  2462 | D:2      | Killed Natasha
  2635 | D:2      | Killed Crazy Yiuf
  2635 | D:2      | Reached XP level 5. HP: 22/22 MP: 6/9
  2725 | D:3      | Killed from afar by an orc priest

Levels and vault maps discovered:
D:1:      saegor_arrival_simple_b, layout_rooms, minmay_worlds_worst_comb
D:2:      layout_loops_ring, uniq_crazy_yiuf_cottage, uniq_natasha
D:3:      layout_basic, marbit_many_paths, xom_butterflies, uniq_jessica

Skill      XL: |  1  2  3  4  5 |
---------------+----------------+-----
Stealth        | 2 4 |  4.0
Transmutations | 3 |  3.3
Poison Magic   | 1 |  1.5
Dodging        | 3 4 |  4.2
Fighting       | 2 |  2.5
Unarmed Combat | |  3.8
Spellcasting   | |  2.0

Action                   |  1- 3 |  4- 6 || total
-------------------------+-------+-------++-------
Melee: Unarmed           |    87 |   112 ||   199
       Bite              |     4 |     1 ||     5
       Punch             |       |     1 ||     1
 Cast: Beastly Appendage |     7 |       ||     7
       Sticks to Snakes  |     1 |       ||     1
       Spider Form       |       |    15 ||    15
 Stab: Sleeping          |     5 |       ||     5
       Distracted        |     1 |       ||     1
  Eat: Chunk             |     8 |     7 ||    15
Armor: Skin              |     3 |     6 ||     9
Dodge: Dodged            |    75 |    78 ||   153
